 Dungeon Crawl Stone Soup version 0.21.1-1-g345015fe64 (webtiles) character file.

81 LevaFresel the Bolt Thrower (level 4, -3/27 HPs)
             Began as a Kobold Hunter on June 11, 2018.
             Slain by a gnoll
             ... wielding a +0 halberd
              (9 damage)
             ... on level 2 of the Dungeon.
             The game lasted 00:07:37 (1091 turns).

LevaFresel the Bolt Thrower (Kobold Hunter)         Turns: 1091, Time: 00:07:37

Health: -3/27      AC:  3    Str: 10    XL:     4   Next: 68%
Magic:  4/4        EV: 15    Int: 12    God:
Gold:   51         SH:  0    Dex: 15    Spells: 3/3 levels left

rFire    . . .     SeeInvis .   a - +1 hand crossbow
rCold    . . .     Gourm    .   (shield restricted)
rNeg     . . .     Faith    .   c - +0 leather armour
rPois    .         Spirit   .   (no helmet)
rElec    .         Reflect  .   (no cloak)
rCorr    .         Harm     .   (no gloves)
MR       .....                  (no boots)
Stlth    ++........             (no amulet)
HPRegen  0.09/turn              (no ring)
MPRegen  0.09/turn              (no ring)

@: no status effects
A: small, carnivore
a: no special abilities


You were on level 2 of the Dungeon.
You were full.

You visited 1 branch of the dungeon, and saw 3 of its levels.

You collected 51 gold pieces.

Inventory:

Hand Weapons
 a - a +1 hand crossbow (weapon)
 b - a +0 short sword
Missiles
 d - 43 bolts (quivered)
Armour
 c - a +0 leather armour (worn)
 l - a +0 ring mail
 n - a +0 scale mail
 p - a +0 helmet
Jewellery
 e - an uncursed ring of wizardry {unknown}
Scrolls
 i - 2 scrolls of identify {unknown}
 j - a scroll of amnesia {unknown}
 k - a scroll of fog {unknown}
 m - a scroll of enchant armour {unknown}
Potions
 g - 2 potions of degeneration {unknown}
 h - a potion of curing {unknown}
 o - a potion of heal wounds {unknown}
Comestibles
 f - 2 rations


   Skills:
 + Level 2.9 Fighting
 + Level 2.0 Short Blades
 * Level 5.8 Crossbows
 + Level 3.2 Dodging
 - Level 1.3 Stealth


You had 3 spell levels left.
You didn't know any spells.

Dungeon Overview and Level Annotations

Branches:
Dungeon (3/15)

Altars:


Innate Abilities, Weirdness & Mutations

You are small and have problems with some larger weapons.
You are carnivorous and can eat meat at any time.


Message History

Press: ? - help, Shift-Dir - straight line, f/p - gnoll
Aim: a gnoll, wielding a halberd (heavily wounded)
You shoot a bolt.
The bolt hits the gnoll but does no damage.
The gnoll is heavily wounded.
The orc misses you. The gnoll misses you.
Firing (i - inventory):
d - 45 bolts (quivered)
Press: ? - help, Shift-Dir - straight line, f/p - gnoll
Aim: a gnoll, wielding a halberd (heavily wounded)
You shoot a bolt. The bolt hits the gnoll.
The gnoll is severely wounded.
The orc misses you. The gnoll barely misses you.
Firing (i - inventory):
d - 44 bolts (quivered)
Press: ? - help, Shift-Dir - straight line, f/p - gnoll
Aim: a gnoll, wielding a halberd (severely wounded)
You shoot a bolt. The bolt barely misses the gnoll.
The orc hits you with a flail.
* * * LOW HITPOINT WARNING * * *
The gnoll hits you with a halberd!
You die...

#.# #.#
#(####.#########
#.......(.......
#........#######
#...............
#........#######
#.......<#
#....(.g(########
########@(.....(.
###### #.o.......
#....# #.########
#....# #.# #....#
#.# ######....#
#.# #.........#
#.# #.........#
#..
#.........####.#


You could see a gnoll and an orc.

Vanquished Creatures
  A jelly (D:2)
  2 gnolls (D:2)
  An ooze (D:1)
  2 orcs (D:2)
  2 giant cockroaches (D:1)
  3 goblins (D:1)
  3 hobgoblins
  2 jackals (D:2)
  6 kobolds
  2 bats
  2 rats (D:1)
26 creatures vanquished.

Notes
Turn   | Place    | Note
-------+----------+-------------------------------------------
     0 | D:1      | LevaFresel the Kobold Hunter began the quest for the Orb.
     0 | D:1      | Reached XP level 1. HP: 12/12 MP: 1/1
    90 | D:1      | Reached skill level 5 in Crossbows
    90 | D:1      | Reached XP level 2. HP: 18/18 MP: 2/2
   392 | D:1      | Reached skill level 1 in Short Blades
   669 | D:1      | Reached XP level 3. HP: 22/22 MP: 3/3
   888 | D:2      | Reached XP level 4. HP: 27/27 MP: 4/4
  1091 | D:2      | Slain by a gnoll

Skill      XL: |  1  2  3  4 |
---------------+-------------+-----
Crossbows      | 5 |  5.8
Short Blades   | 1 2 |  2.0
Dodging        | 3 |  3.2
Fighting       | |  2.9
Stealth        | |  1.3

Action                   |  1- 3 |  4- 6 || total
-------------------------+-------+-------++-------
Melee: Short sword       |    12 |       ||    12
 Fire: Hand crossbow     |    31 |    27 ||    58
 Stab: Sleeping          |     1 |       ||     1
  Eat: Chunk             |     5 |     1 ||     6
Armor: Leather armour    |     1 |     7 ||     8
Dodge: Dodged            |    10 |    41 ||    51
